 Dungeon Crawl Stone Soup version 0.30-a0-857-gcaf70739d4 (webtiles) character file.

Game seed: 14563890914207019569

6733 TKaos the Cleaver (level 11, -2/87 HPs)
             Began as a Human Berserker on Mar 4, 2023.
             Was a Believer of Trog.
             Slain by a hornet (6 damage)
             ... on level 9 of the Dungeon on Mar 5, 2023.
             The game lasted 00:48:44 (6629 turns).

TKaos the Cleaver (Human Berserker)                 Turns: 6629, Time: 00:48:44

Health: -2/87      AC: 16    Str: 21    XL:     11   Next: 24%
Magic:  11/11      EV:  8    Int:  7    God:    Trog [**....]
Gold:   485        SH:  0    Dex: 14    Spells: 10/10 levels left

rFire   . . .      SeeInvis .    s - +2 war axe (venom)
rCold   + . .      Faith    .    o - orb {guile}
rNeg    . . .      Spirit   .    y - +0 plate armour
rPois   .          Reflect  .    (no helmet)
rElec   .          Rampage  .    (no cloak)
rCorr   +                        (no gloves)
Will    .....                    a - +1 pair of boots {Stlth+} Stlth
                                 v - amulet of magic regeneration
HPRegen 0.34/turn                b - ring of resist corrosion
MPRegen 0.52/turn                n - ring of protection from cold

@: about to teleport, on berserk cooldown, slowed, very slow
A: no striking features
a: Renounce Religion, Berserk, Trog's Hand


You were on level 9 of the Dungeon.
You worshipped Trog.
Trog was pleased with you.
You visited 2 branches of the dungeon, and saw 10 of its levels.

You collected 485 gold pieces.

Inventory:

Hand Weapons
 i - a +1 vampiric hand axe
 s - a +2 war axe of venom (weapon)
Armour
 a - a +1 pair of boots of stealth (worn)
 o - an orb of guile (worn)
 y - a +0 plate armour (worn)
 A - a +0 troll leather armour
Magical Staves
 f - a staff of fire
Jewellery
 b - a ring of resist corrosion (left hand)
 n - a ring of protection from cold (right hand)
 t - a ring of wizardry
 v - an amulet of magic regeneration (around neck)
Wands
 u - a wand of paralysis (8)
 B - a wand of mindburst (3)
Scrolls
 c - 2 scrolls of teleportation (quivered)
 d - a scroll of fear {unknown}
 e - a scroll of noise {unknown}
 g - 2 scrolls of amnesia
 l - 3 scrolls of poison
 m - 3 scrolls of blinking
 p - a scroll of immolation
 q - a scroll of torment
 r - a scroll of fog {unknown}
Potions
 h - a potion of magic {unknown}
 j - 2 potions of mutation {unknown}
 k - 3 potions of lignification {unknown}
 w - 2 potions of might {unknown}
 z - a potion of brilliance {unknown}


   Skills:
 + Level 8.5 Fighting
 + Level 11.4 Axes
 + Level 9.0 Armour
 + Level 3.8 Dodging
 + Level 1.7 Stealth


You had 10 spell levels left.
You didn't know any spells.
Your spell library contained the following spells:

 Spells                   Type           Power      Damage    Failure   Level
 Freeze                   Ice            0%         1d3       100%        1
 Frozen Ramparts          Ice            0%         1d1       100%        3
 Hailstorm                Conj/Ice       0%         3d3       100%        3


Dungeon Overview and Level Annotations

Branches:
Dungeon (9/15)             Temple (1/1) D:7
   Lair: D:8-11         Orc: D:9-12

Altars:
Ashenzari
Cheibriados
Dithmenos
Elyvilon
Fedhas
Gozag
Hepliaklqana
Kikubaaqudgha
Makhleb
Nemelex Xobeh
Okawaru
Qazlal
Ru
Sif Muna
Trog
Uskayaw
Vehumet
Wu Jian
Xom
Yredelemnul
Zin
The Shining One

Shops:
D:5 :

Annotations:
D:6 2 transporters, pener's ghost, novice MiFi


Message History

The steam dragon breathes steam at you. The ball of steam hits you!!
You hear an angry buzzing noise.
You are engulfed in a cloud of scalding steam.
The steam dragon barely misses you. The steam dragon claws you.
You slash the steam dragon!
The steam dragon is poisoned.
The steam dragon is moderately wounded.
You are engulfed in a cloud of scalding steam.
* * * LOW HITPOINT WARNING * * *
The steam dragon bites you but does no damage.
The steam dragon claws you but does no damage.
You slash the steam dragon!
The steam dragon looks as sick as possible!
The steam dragon is almost dead.
A hornet comes into view.
The steam dragon bites you.
* * * LOW HITPOINT WARNING * * *
The steam dragon claws you but does no damage.
The steam dragon breathes steam at you. The ball of steam hits you!
* * * LOW HITPOINT WARNING * * *
You kill the steam dragon!
Trog accepts your kill.
The steam dragon scales are intact enough to wear.
A shadow comes into view.
Your Armour skill increases to level 9!
You see here a bullfrog corpse.
Things that are here:
+0 steam dragon scales; a steam dragon corpse
As you read the scroll of teleportation, it crumbles to dust.
You feel strangely unstable. The hornet stings you.
* * * LOW HITPOINT WARNING * * *
You suddenly lose the ability to move!
You can move again.
The hornet stings you but does no damage.
The shadow slips into darkness.
The shadow flickers and vanishes!
Deactivating autopickup; reactivate with Ctrl-A.
The hornet stings you.
You die...

##...######
#>........#
#....†....#
#....))...#
#...))....#
#..[...†..#
##.####[..#
#.####y..#
..#...@{.#
...#......#
....#......#
g....#.....$+
......#......#
#......#
##.....#
#.....#


You could see a hornet.

Vanquished Creatures
  Pikel (D:5)
  Joseph (D:7)
  Maggie (D:8)
  A troll (D:5)
  4 yaks (D:7)
  2 steam dragons
  Edmund (D:6)
  An acid dragon (D:8)
  3 water moccasins
  Duvessa (D:5)
  3 ice beasts
  A sky beast (D:6)
  7 black bears
  An orc warrior (D:6)
  5 ogres
  3 lemures (D:5)
  3 centaurs
  2 phantoms
  3 bullfrogs
  3 gnoll sergeants
  Dowan (D:5)
  9 killer bees (D:8)
  4 howler monkeys
  6 hounds
  Crazy Yiuf (D:2)
  3 jellies
  7 orc priests
  A sleepcap (D:6)
  7 iguanas
  Jessica (D:2)
  Natasha (twice) (D:2)
  4 orc wizards
  8 gnolls
  10 adders
  4 ufetubi
  2 worms
  A dart slug (D:4)
  34 orcs
  3 bats
  4 endoplasms
  5 goblins
  3 hobgoblins
  5 jackals
  3 quokkas
  3 ball pythons
  2 frilled lizards
  7 kobolds
  11 rats
198 creatures vanquished.

Vanquished Creatures (others)
  4 fungi (D:2)
4 creatures vanquished.

Grand Total: 202 creatures vanquished

Notes
Turn   | Place    | Note
-------+----------+-------------------------------------------
     0 | D:1      | TKaos the Human Berserker began the quest for the Orb.
     0 | D:1      | Reached XP level 1. HP: 18/18 MP: 1/1
   344 | D:1      | Reached XP level 2. HP: 19/24 MP: 2/2
   779 | D:2      | Noticed Jessica
   792 | D:2      | Killed Jessica
   793 | D:2      | Reached XP level 3. HP: 27/29 MP: 3/3
   820 | D:2      | Reached XP level 4. HP: 17/36 MP: 4/4
   879 | D:2      | Reached ** piety under Trog
   973 | D:2      | Noticed Natasha
   983 | D:2      | Killed Natasha
   984 | D:2      | Reached skill level 4 in Axes
  1005 | D:2      | Noticed Natasha
  1018 | D:2      | Killed Natasha
  1019 | D:2      | Reached XP level 5. HP: 42/42 MP: 5/5
  1133 | D:2      | Found a runed translucent door.
  1134 | D:2      | Noticed Crazy Yiuf
  1141 | D:2      | Killed Crazy Yiuf
  1588 | D:3      | Reached XP level 6. HP: 48/48 MP: 6/6
  2227 | D:4      | Found an ancient bone altar of Kikubaaqudgha.
  2363 | D:4      | Noticed a black bear
  2371 | D:4      | Killed a black bear
  2372 | D:4      | Reached skill level 5 in Axes
  2372 | D:4      | Reached XP level 7. HP: 55/55 MP: 7/7
  2636 | D:4      | Found a basalt altar of Yredelemnul.
  2736 | D:5      | Entered Level 5 of the Dungeon
  2741 | D:5      | Found Seujacav's Book Shop.
  3125 | D:5      | Reached skill level 6 in Axes
  3138 | D:5      | Found a shimmering blue altar of Sif Muna.
  3190 | D:5      | Noticed Duvessa
  3192 | D:5      | Noticed Dowan
  3197 | D:5      | Killed Duvessa
  3198 | D:5      | Reached skill level 5 in Fighting
  3198 | D:5      | Reached XP level 8. HP: 62/62 MP: 8/8
  3202 | D:5      | Killed Dowan
  3305 | D:5      | Noticed Pikel
  3391 | D:5      | Killed Pikel
  3392 | D:5      | Reached skill level 7 in Axes
  3392 | D:5      | Reached skill level 5 in Armour
  3414 | D:5      | Found a broken altar of Ashenzari.
  3530 | D:5      | Reached XP level 9. HP: 69/69 MP: 9/9
  3537 | D:5      | Reached skill level 8 in Axes
  3537 | D:5      | Reached skill level 1 in Stealth
  4062 | D:5      | Noticed a troll
  4068 | D:5      | Killed a troll
  4072 | D:5      | Reached skill level 9 in Axes
  4475 | D:6      | Reached XP level 10. HP: 57/77 MP: 10/10
  4670 | D:6      | Identified the +6 short sword "Enuetuhi" {heavy, Contam
                  | rN++ Dex+2}
  4702 | D:6      | Found a transporter.
  4704 | D:6      | Found a transporter.
  4707 | D:6      | Noticed pener's ghost (novice MiFi)
  4823 | D:6      | Noticed Edmund
  4833 | D:6      | Killed Edmund
  4834 | D:6      | Reached skill level 10 in Axes
  5277 | D:7      | Found a staircase to the Ecumenical Temple.
  5461 | D:7      | Noticed Joseph
  5473 | D:7      | Killed Joseph
  5887 | Temple   | Entered the Ecumenical Temple
  5993 | D:8      | Reached skill level 11 in Axes
  6043 | D:8      | Found a snail-covered altar of Cheibriados.
  6162 | D:8      | Noticed Maggie
  6171 | D:8      | Killed Maggie
  6172 | D:8      | Reached XP level 11. HP: 86/86 MP: 11/11
  6627 | D:9      | HP: 3/87 [hornet (6)]
  6627 | D:9      | Paralysed by a hornet for 1 turns
  6629 | D:9      | Slain by a hornet

Illustrated notes

Levels and vault maps discovered:
D:1:      nicolae_arrival_washed_ashore, layout_loops_ring
D:2:      layout_rooms, st_stairs_2, uniq_natasha, uniq_jessica,
          uniq_crazy_yiuf_cottage
D:3:      layout_basic, minmay_misc_feat_rows
D:4:      layout_rooms, lemuel_tele_altar, mainiacjoe_overflow_boulevard
D:5:      kennysheep_windowed_halls, layout_basic, grunt_temple_overflow_open,
          serial_shops, shop_statue, minivault_11, uniq_duvessa, uniq_pikel
D:6:      layout_loops_corners, gammafunk_ghost_hive, grunt_decor_one_mirror,
          uniq_edmund
D:7:      layout_basic, minmay_temple_entry_grid, nrook_mini_vaults, uniq_joseph
D:8:      layout_basic, mainiacjoe_overflow_catwalk, grunt_ministairs_5,
          uniq_maggie
D:9:      layout_gridville
Temple:   sentei_temple_godly_chess

Skill      XL: |  1  2  3  4  5  6  7  8  9 10 11 |
---------------+----------------------------------+-----
Axes           | 4 5 6 7 9 11 | 11.4
Fighting       | 4 5 6 8 |  8.5
Armour         | 3 4 5 6 8 9 |  9.0
Dodging        | 3 |  3.8
Stealth        | 1 |  1.7

Action                     |  1- 3 |  4- 6 |  7- 9 | 10-12 || total
---------------------------+-------+-------+-------+-------++-------
  Melee: Hand axe          |    46 |   130 |    26 |       ||   202
         Punch             |       |     2 |     4 |     5 ||    11
         War axe           |       |       |   183 |   192 ||   375
 Invoke: Berserk           |     1 |     7 |    13 |    12 ||    33
         Trog's Hand       |       |     2 |     5 |     3 ||    10
    Use: Scroll            |     1 |     5 |    11 |     4 ||    21
         Potion            |       |     1 |     1 |     1 ||     3
 Armour: Chain mail        |    18 |    81 |   144 |    80 ||   323
         Animal skin       |     1 |       |       |       ||     1
         Plate armour      |       |       |       |    13 ||    13
  Dodge: Dodged            |    22 |    53 |   103 |    75 ||   253

Table legend: (Time is in decaauts)
 A = Elapsed time spent in this place.
 B = Non-inter-level travel time spent in this place.
 C = Inter-level travel time spent in this place.
 D = Time resting spent in this place.
 E = Time spent auto-exploring this place.
 F = Levels seen in this place.
 G = Mean time per level.
                   A        B        C        D        E       F      G
               +--------+--------+--------+--------+--------+-----+--------+
         Total |   6938 |   6000 |    938 |      0 |      0 |  10 |  693.8 |
       Dungeon |   6902 |   5967 |    935 |      0 |      0 |   9 |  766.9 |
        Temple |     35 |     32 |      3 |      0 |      0 |   1 |   35.0 |
               +--------+--------+--------+--------+--------+-----+--------+

Top non-repeatable levels by time:
     D:5: 1542 daAuts
     D:3: 927 daAuts
     D:6: 920 daAuts
     D:7: 875 daAuts
     D:1: 690 daAuts
     D:8: 684 daAuts
     D:2: 621 daAuts
     D:4: 593 daAuts
     D:9: 47 daAuts
  Temple: 35 daAuts
